 Dungeon Crawl Stone Soup version 0.29-a0-609-gb56f46d856 (webtiles) character file.

Game seed: 3052027598679404535

423 Lekart the Chopper (level 6, 0/53 HPs)
             Began as a Draconian Fighter on June 16, 2022.
             Slain by a black bear (2 damage)
             ... on level 4 of the Dungeon.
             The game lasted 00:04:48 (3900 turns).

Lekart the Chopper (Draconian Fighter)              Turns: 3900, Time: 00:04:49

Health: 0/53       AC:  6    Str: 18    XL:     6   Next: 63%
Magic:  6/6        EV: 12    Int:  8    God:
Gold:   188        SH:  5    Dex: 13    Spells: 5/5 levels left

rFire   . . .      SeeInvis .   a - +0 war axe (freeze)
rCold   . . .      Faith    .   b - +0 buckler
rNeg    . . .      Spirit   .   (body armour unavailable)
rPois   +          Reflect  .   (helmet restricted)
rElec   .          Harm     .   (no cloak)
rCorr   .          Rampage  .   (no gloves)
Will    .....                   (no boots)
Stlth   ++........              o - amulet of the acrobat
HPRegen 0.17/turn               q - ring of poison resistance
MPRegen 0.10/turn               (no ring)

@: no status effects
A: AC +6, unfitting armour, cold-blooded
a: no special abilities


You were on level 4 of the Dungeon.
You visited 1 branch of the dungeon, and saw 4 of its levels.

You collected 188 gold pieces.

Inventory:

Hand Weapons
 a - a +0 war axe of freezing (weapon)
 i - a +1 dagger of flaming
Armour
 b - a +0 buckler (worn)
Jewellery
 d - a ring of fire
 o - an amulet of the acrobat (around neck)
 q - a ring of poison resistance (left hand)
Wands
 j - a wand of digging (3)
Scrolls
 e - 7 scrolls of teleportation {unknown}
 g - a scroll of enchant weapon {unknown}
 n - 2 scrolls of identify {unknown}
Potions
 c - a potion of might
 f - 2 potions of heal wounds {unknown}
 h - a potion of lignification {unknown}
 k - a potion of flight {unknown}
 l - a potion of degeneration {unknown}
 m - 3 potions of curing {unknown}
 p - 4 potions of mutation {unknown}


   Skills:
 + Level 4.5 Fighting
 + Level 0.8 Short Blades
 + Level 4.9 Axes
 + Level 3.9 Dodging
 + Level 1.1 Stealth
 + Level 3.7 Shields


You had 5 spell levels left.
You didn't know any spells.
Your spell library contained the following spells:

 Spells                   Type           Power      Damage    Failure   Level
 Slow                     Hex            0%         N/A       50%         1
 Confusing Touch          Hex            0%         N/A       86%         3
 Summon Guardian Golem    Hex/Summ       0%         N/A       86%         3
 Vampiric Draining        Necr           0%         2d6       86%         3
 Orb of Destruction       Conj           0%         9d5       100%        7
 Spellforged Servitor     Conj/Summ      0%         N/A       100%        7


Dungeon Overview and Level Annotations

Branches:
Dungeon (4/15)
 Temple: D:4-7

Altars:
Uskayaw

Shops:
D:3 [   D:4 *


Innate Abilities, Weirdness & Mutations

Your plain brown scales are hard. (AC +6)
You cannot fit into any form of body armour.
You are cold-blooded and may be slowed by cold attacks.


Message History

The black bear claws you but does no damage.
A black bear is nearby!
You barely miss the black bear.
You tail-slap the black bear, but do no damage.
The black bear is severely wounded.
You block the black bear's attack. The black bear claws you.
The black bear barely misses you. The black bear bites you.
The black bear claws you. The black bear barely misses you.
A black bear is nearby!
You closely miss the black bear.
The black bear is severely wounded.
The black bear bites you. The black bear claws you.
The black bear closely misses you. The black bear bites you.
The black bear claws you. You block the black bear's attack.
A black bear is nearby!
You are too injured to fight recklessly!
A black bear is nearby!
You are too injured to fight recklessly!
A black bear is nearby!
You are too injured to fight recklessly!
You barely miss the black bear.
You tail-slap the black bear, but do no damage.
The black bear is severely wounded.
The black bear bites you!
* * * LOW HITPOINT WARNING * * *
The black bear claws you.
* * * LOW HITPOINT WARNING * * *
The black bear claws you.
* * * LOW HITPOINT WARNING * * *
The black bear bites you but does no damage.
The black bear claws you but does no damage.
The black bear misses you.
You barely miss the black bear.
The black bear is severely wounded.
The black bear bites you but does no damage.
The black bear claws you but does no damage. x2
The black bear bites you.
* * * LOW HITPOINT WARNING * * *
The black bear claws you.
You die...

#################
#....@h.##......#
#..#...##...###.#
#..##.##...## #.#
#...###...## #.#
##.......## #.#
##.....## #.#
##.#### #.# #.#
#.######
#.##########.......


You could see a black bear (berserk).

Vanquished Creatures
  2 scorpions (D:4)
  A hound (D:4)
  A jelly (D:4)
  An iguana (D:4)
  An orc wizard (D:3)
  Robin (D:2)
  4 gnolls
  5 adders
  2 worms
  3 dart slugs
  10 orcs
  3 endoplasms
  3 giant cockroaches
  14 goblins
  9 hobgoblins
  3 quokkas
  6 ball pythons
  5 bats
  3 frilled lizards
  6 kobolds
  A rat (D:3)
84 creatures vanquished.

Vanquished Creatures (others)
  A goblin (D:2)
  2 fungi (D:3)
  2 plants (D:3)
5 creatures vanquished.

Grand Total: 89 creatures vanquished

Notes
Turn   | Place    | Note
-------+----------+-------------------------------------------
     0 | D:1      | Lekart the Draconian Fighter began the quest for the Orb.
     0 | D:1      | Reached XP level 1. HP: 19/19 MP: 1/1
   269 | D:1      | Reached XP level 2. HP: 25/26 MP: 2/2
  1031 | D:2      | Found a hide-covered altar of Uskayaw.
  1128 | D:2      | Reached XP level 3. HP: 31/31 MP: 3/3
  1165 | D:2      | Noticed Robin
  1196 | D:2      | Killed Robin
  1570 | D:2      | Reached XP level 4. HP: 25/40 MP: 4/4
  1991 | D:3      | Found Dinaw's Antique Armour Shoppe.
  2135 | D:3      | Found a faded altar of an unknown god.
  2371 | D:3      | Reached XP level 5. HP: 46/46 MP: 5/5
  2799 | D:4      | Reached skill level 1 in Stealth
  3449 | D:4      | Found Xeorutoll's Assorted Antiques.
  3457 | D:4      | Reached XP level 6. HP: 24/52 MP: 6/6
  3900 | D:4      | HP: 2/53 [black bear (4)]
  3900 | D:4      | Slain by a black bear

Illustrated notes

Levels and vault maps discovered:
D:1:      dpeg_arrival_ternary, layout_loops_ring
D:2:      layout_basic, basic_altar, uniq_robin
D:3:      layout_loops_cross, shapermc_ecumenical_altar_mp_ritualfount,
          serial_shops, shop, kennysheep_another_room
D:4:      black_bear_nest_2, layout_rooms, kennysheep_windowed_goal

Skill      XL: |  1  2  3  4  5 |
---------------+----------------+-----
Dodging        | 3 |  3.9
Axes           | 3 4 |  4.9
Stealth        | 1 |  1.1
Fighting       | 4 |  4.5
Short Blades   | |  0.8
Shields        | |  3.7

Action                   |  1- 3 |  4- 6 || total
-------------------------+-------+-------++-------
Melee: War axe           |    46 |   116 ||   162
       Tailslap          |    13 |    16 ||    29
       Dagger            |    42 |    12 ||    54
  Use: Scroll            |       |     1 ||     1
 Stab: Sleeping          |       |     2 ||     2
Armor: Skin              |    31 |    46 ||    77
Dodge: Dodged            |    53 |    74 ||   127
Block: Buckler           |    24 |    36 ||    60

Table legend: (Time is in decaauts)
 A = Elapsed time spent in this place.
 B = Non-inter-level travel time spent in this place.
 C = Inter-level travel time spent in this place.
 D = Time resting spent in this place.
 E = Time spent auto-exploring this place.
 F = Levels seen in this place.
 G = Mean time per level.
                   A        B        C        D        E       F      G
               +--------+--------+--------+--------+--------+-----+--------+
         Total |   3961 |   3878 |     83 |    335 |   2890 |   4 |  990.2 |
       Dungeon |   3961 |   3878 |     83 |    335 |   2890 |   4 |  990.2 |
               +--------+--------+--------+--------+--------+-----+--------+

Top non-repeatable levels by time:
     D:2: 1262 daAuts
     D:3: 1130 daAuts
     D:4: 828 daAuts
     D:1: 739 daAuts
